 Dungeon Crawl Stone Soup version 0.30-a0-603-g51a0fb1b98 (webtiles) character file.

Game seed: 5312475172603892660

119 Crownlay the Basher (level 5, -3/37 HPs)
             Began as a Gnoll Wanderer on Jan 7, 2023.
             Slain by a gnoll
             ... wielding a +3 halberd
              (4 damage)
             ... on level 2 of the Dungeon.
             The game lasted 00:01:32 (1022 turns).

Crownlay the Basher (Gnoll Wanderer)                Turns: 1022, Time: 00:01:33

Health: -3/37      AC:  6    Str: 18    XL:     5   Next: 3%
Magic:  9/9        EV: 10    Int:  9    God:
Gold:   62         SH:  3    Dex:  9    Spells: 10/10 levels left

rFire   . . .      SeeInvis .    a - +2 mace
rCold   . . .      Faith    .    g - +0 buckler
rNeg    . . .      Spirit   .    c - +0 ring mail
rPois   .          Reflect  .    (no helmet)
rElec   .          Harm     .    (no cloak)
rCorr   .          Rampage  .    (no gloves)
Will    .....                    (no boots)
Stlth   +                        (no amulet)
HPRegen 0.26/turn                m - +4 ring of slaying
MPRegen 0.11/turn                (no ring)

@: hasted, very quick
A: fangs 1, strong nose, distributed training
a: no special abilities


You were on level 2 of the Dungeon.
You visited 1 branch of the dungeon, and saw 2 of its levels.

You collected 62 gold pieces.

Inventory:

Hand Weapons
 a - a +2 mace (weapon)
Armour
 c - a +0 ring mail (worn)
 g - a +0 buckler (worn)
Jewellery
 i - a ring of protection from cold
 m - a +4 ring of slaying (left hand)
Scrolls
 d - a scroll of fog
 e - a scroll of fear {unknown}
 f - a scroll of identify {unknown}
Potions
 h - a potion of resistance {unknown}
 j - a potion of curing {unknown}
 k - a potion of cancellation {unknown}
 l - a potion of magic {unknown}


   Skills:
 + Level 1.4 Fighting
 + Level 1.4 Short Blades
 + Level 1.4 Long Blades
 + Level 2.9 Axes
 + Level 10.5 Maces & Flails
 + Level 1.4 Polearms
 + Level 1.4 Staves
 + Level 1.4 Ranged Weapons
 + Level 1.4 Throwing
 + Level 4.7 Armour
 + Level 1.4 Dodging
 + Level 2.7 Stealth
 + Level 1.4 Shields
 + Level 1.4 Unarmed Combat
 + Level 3.1 Spellcasting
 + Level 1.1 Conjurations
 + Level 1.1 Hexes
 + Level 1.1 Summonings
 + Level 1.1 Necromancy
 + Level 1.1 Translocations
 + Level 1.1 Transmutations
 + Level 1.1 Fire Magic
 + Level 1.1 Ice Magic
 + Level 1.1 Air Magic
 + Level 1.1 Earth Magic
 + Level 1.1 Poison Magic
 + Level 1.5 Invocations
 + Level 1.4 Evocations


You had 10 spell levels left.
You didn't know any spells.
Your spell library was empty.

Dungeon Overview and Level Annotations

Branches:
Dungeon (2/15)

Altars:


Innate Abilities, Weirdness & Mutations

You have very sharp teeth.
Your uncanny sense of smell can sniff out nearby items.
Your experience applies equally to all skills.


Message History

The ball python hisses angrily.
You hit the ball python.
You kill the ball python!
No target in view!
No target in view!
No target in view!
A gnoll comes into view. It is wielding a +3 halberd.
The gnoll shouts!
You hear a shout! x2
The gnoll hits you with a +3 halberd!
You hit the gnoll.
The gnoll is moderately wounded.
The gnoll hits you with a +3 halberd!
* * * LOW HITPOINT WARNING * * *
You are too injured to fight recklessly!
You are too injured to fight recklessly!
You are too injured to fight recklessly!
You are too injured to fight recklessly!
Okay, then.
You barely miss the gnoll.
The gnoll is moderately wounded.
The gnoll closely misses you.
A gnoll comes into view. It is wielding a +0 whip.
You closely miss the gnoll.
The gnoll is moderately wounded.
The gnoll closely misses you.
You have nothing you can fire or use right now.
Unknown command.
You barely miss the gnoll.
The gnoll is moderately wounded.
The gnoll barely misses you.
You barely miss the gnoll.
The gnoll is moderately wounded.
The gnoll barely misses you.
You barely miss the gnoll. You bite the gnoll.
The gnoll is moderately wounded.
The gnoll hits you with a +3 halberd!
* * * LOW HITPOINT WARNING * * *
It was a potion of haste.
You feel yourself speed up. The gnoll hits you with a +3 halberd.
You die...

####........# #....#
............# #....#
.........#########....##
.......................#
........##############.#
............... #.#
.............#.#######.#
........###.##.........#.
##......@gg............#.
#.########.###........#.
#. ###........#. #
.............
########..... .. #.....
#.#.#..... #.........
.######..#.


You could see 2 gnolls.

Vanquished Creatures
  An orc priest (D:2)
  2 orc wizards (D:2)
  A dart slug (D:1)
  4 orcs (D:2)
  4 endoplasms (D:1)
  A giant cockroach (D:1)
  A goblin (D:1)
  6 jackals (D:1)
  3 quokkas (D:1)
  5 ball pythons
  A bat (D:1)
  3 kobolds (D:1)
  2 rats (D:1)
34 creatures vanquished.

Notes
Turn   | Place    | Note
-------+----------+-------------------------------------------
     0 | D:1      | Reached skill level 10 in Maces & Flails
     0 | D:1      | Crownlay the Gnoll Wanderer began the quest for the Orb.
     0 | D:1      | Crownlay set off with the following items: a +2 mace, a +0
                  | hand axe, a +0 ring mail, a scroll of fog.
     0 | D:1      | Reached XP level 1. HP: 13/13 MP: 4/4
    74 | D:1      | Reached XP level 2. HP: 14/19 MP: 5/5
   254 | D:1      | Reached XP level 3. HP: 23/25 MP: 7/7
   845 | D:2      | Reached skill level 1 in Fighting
   845 | D:2      | Reached skill level 1 in Short Blades
   845 | D:2      | Reached skill level 1 in Long Blades
   845 | D:2      | Reached skill level 1 in Polearms
   845 | D:2      | Reached skill level 1 in Staves
   845 | D:2      | Reached skill level 1 in Ranged Weapons
   845 | D:2      | Reached skill level 1 in Throwing
   845 | D:2      | Reached skill level 1 in Dodging
   845 | D:2      | Reached skill level 1 in Shields
   845 | D:2      | Reached skill level 1 in Unarmed Combat
   845 | D:2      | Reached skill level 1 in Invocations
   845 | D:2      | Reached skill level 1 in Evocations
   847 | D:2      | Reached XP level 4. HP: 23/32 MP: 8/8
   933 | D:2      | Reached skill level 1 in Conjurations
   933 | D:2      | Reached skill level 1 in Hexes
   933 | D:2      | Reached skill level 1 in Summonings
   933 | D:2      | Reached skill level 1 in Necromancy
   933 | D:2      | Reached skill level 1 in Translocations
   933 | D:2      | Reached skill level 1 in Transmutations
   933 | D:2      | Reached skill level 1 in Fire Magic
   933 | D:2      | Reached skill level 1 in Ice Magic
   933 | D:2      | Reached skill level 1 in Air Magic
   933 | D:2      | Reached skill level 1 in Earth Magic
   933 | D:2      | Reached skill level 1 in Poison Magic
   940 | D:2      | Reached XP level 5. HP: 34/37 MP: 9/9
  1021 | D:2      | HP: 1/37 [gnoll/+3 halberd (8)]
  1022 | D:2      | Slain by a gnoll

Illustrated notes

Levels and vault maps discovered:
D:1:      dpeg_arrival_simpleton_a, layout_loops_ring, minmay_pentomino_r4
D:2:      cheibrodos_pilgrimage, layout_basic, basic_altar

Skill      XL: |  1  2  3  4 |
---------------+-------------+-----
Maces & Flails | | 10.5
Fighting       | 1 |  1.4
Short Blades   | 1 |  1.4
Long Blades    | 1 |  1.4
Polearms       | 1 |  1.4
Staves         | 1 |  1.4
Ranged Weapons | 1 |  1.4
Throwing       | 1 |  1.4
Dodging        | 1 |  1.4
Shields        | 1 |  1.4
Unarmed Combat | 1 |  1.4
Invocations    | 1 |  1.5
Evocations     | 1 |  1.4
Spellcasting   | 3 |  3.1
Conjurations   | 1 |  1.1
Hexes          | 1 |  1.1
Summonings     | 1 |  1.1
Necromancy     | 1 |  1.1
Translocations | 1 |  1.1
Transmutations | 1 |  1.1
Fire Magic     | 1 |  1.1
Ice Magic      | 1 |  1.1
Air Magic      | 1 |  1.1
Earth Magic    | 1 |  1.1
Poison Magic   | 1 |  1.1
Axes           | |  2.9
Armour         | |  4.7
Stealth        | |  2.7

Action                   |  1- 3 |  4- 6 || total
-------------------------+-------+-------++-------
Melee: Mace              |    73 |    24 ||    97
       Bite              |     6 |     5 ||    11
  Use: Potion            |       |     1 ||     1
 Stab: Sleeping          |     2 |       ||     2
Armor: Ring mail         |    20 |     5 ||    25
Dodge: Dodged            |    35 |     8 ||    43
Block: Buckler           |     6 |     1 ||     7

Table legend: (Time is in decaauts)
 A = Elapsed time spent in this place.
 B = Non-inter-level travel time spent in this place.
 C = Inter-level travel time spent in this place.
 D = Time resting spent in this place.
 E = Time spent auto-exploring this place.
 F = Levels seen in this place.
 G = Mean time per level.
                   A        B        C        D        E       F      G
               +--------+--------+--------+--------+--------+-----+--------+
         Total |   1014 |    985 |     29 |      0 |    778 |   2 |  507.0 |
       Dungeon |   1014 |    985 |     29 |      0 |    778 |   2 |  507.0 |
               +--------+--------+--------+--------+--------+-----+--------+

Top non-repeatable levels by time:
     D:1: 864 daAuts
     D:2: 150 daAuts
